 Dungeon Crawl Stone Soup version 0.27-a0-633-gc6addc0a40 (webtiles) character file.

Game seed: 7325439374911645458

8243 sahdkjhfkaj the Party-goer (level 11, -10/103 HPs)
             Began as a Palentonga Monk on Mar 13, 2021.
             Was a Follower of Uskayaw.
             Mangled by an ogre
             ... wielding a +0 giant club
              (21 damage)
             ... on level 9 of the Dungeon.
             The game lasted 00:11:45 (13794 turns).

sahdkjhfkaj the Party-goer (Palentonga Monk)       Turns: 13794, Time: 00:11:46

Health: -10/103    AC: 17    Str: 18      XL:     11   Next: 7%
Magic:  18/18      EV: 10    Int: 11      God:    Uskayaw [*.....]
Gold:   559        SH:  0    Dex: 17 (18) Spells: 10/10 levels left

rFire    . . .     SeeInvis +   b - +2 dagger (venom)
rCold    . . .     Faith    .   (no shield)
rNeg     . . .     Spirit   .   B - +3 leather armour
rPois    .         Reflect  .   (no helmet)
rElec    .         Harm     .   e - +0 cloak
rCorr    .         Rampage  .   p - +0 pair of gloves
Will     .....                  (no barding)
Stlth    ++........             (no amulet)
HPRegen  0.27/turn              h - +6 ring of dexterity
MPRegen  0.16/turn              A - +4 ring of slaying

@: curled up
A: large, rugged brown scales 3, see invisible, deformed body, roll 1, armoured
tail, reflexive curl
a: Rolling Charge, Renounce Religion, Stomp


You were on level 9 of the Dungeon.
You worshipped Uskayaw.
Uskayaw was aware of your devotion.
You visited 2 branches of the dungeon, and saw 11 of its levels.

You collected 559 gold pieces.

Inventory:

Hand Weapons
 a - a +0 hand axe
 b - a +2 dagger of venom (weapon)
Armour
 e - a +0 cloak (worn)
 p - a +0 pair of gloves (worn)
 B - a +3 leather armour (worn)
Jewellery
 h - a +6 ring of dexterity (right hand)
 A - a +4 ring of slaying (left hand)
Wands
 o - a wand of charming (13)
 z - a wand of flame (11)
 E - a wand of mindburst (4)
 F - a wand of random effects (16)
 G - a wand of acid (12)
Scrolls
 f - a scroll of identify
 g - 2 scrolls of amnesia
 m - 5 scrolls of teleportation
 s - 3 scrolls of magic mapping
 u - 2 scrolls of enchant armour
 v - 2 scrolls of noise {unknown}
 w - a scroll of summoning {unknown}
 y - 2 scrolls of blinking {unknown}
 C - a scroll of immolation {unknown}
 D - a scroll of vulnerability {unknown}
Potions
 c - a potion of resistance {unknown}
 d - a potion of heal wounds {unknown}
 i - a potion of curing {unknown}
 j - a potion of flight {unknown}
 k - 2 potions of might
 l - a potion of magic {unknown}
 n - a potion of degeneration {unknown}
 q - 2 potions of haste {unknown}
 r - a potion of cancellation {unknown}
 t - 2 potions of ambrosia {unknown}
 x - a potion of attraction {unknown}


   Skills:
 + Level 9.3 Fighting
 + Level 6.5 Short Blades
 - Level 6.2 Axes
 - Level 1.0 Throwing
 + Level 2.8 Armour
 - Level 2.4 Dodging
 - Level 3.0 Stealth
 - Level 2.0 Shields
 + Level 10.3 Invocations
 + Level 3.7 Evocations


You had 10 spell levels left.
You didn't know any spells.
Your spell library contained the following spells:

 Spells                   Type           Power      Damage    Failure   Level
 Beastly Appendage        Tmut           0%         N/A       38%         1
 Magic Dart               Conj           0%         1d3       38%         1
 Blink                    Tloc           N/A        N/A       54%         2
 Call Imp                 Summ           0%         N/A       54%         2
 Slow                     Hex            0%         N/A       54%         2
 Wereblood                Tmut           0%         N/A       54%         2
 Confusing Touch          Hex            0%         N/A       77%         3
 Conjure Flame            Conj/Fire      0%         6-21      77%         3
 Gell's Gravitas          Tloc           0%         N/A       77%         3
 Mephitic Cloud           Conj/Pois/Air  0%         N/A       77%         3
 Spider Form              Tmut/Pois      0%         N/A       77%         3
 Ice Form                 Ice/Tmut       0%         N/A       99%         4
 Petrify                  Tmut/Erth      0%         N/A       99%         4
 Blade Hands              Tmut           0%         N/A       100%        5
 Metabolic Englaciation   Hex/Ice        0%         N/A       100%        5
 Yara's Violent Unravell  Hex/Tmut       0%         3d3       100%        5


Dungeon Overview and Level Annotations

Branches:
Dungeon (10/15)            Temple (1/1) D:4            Lair (0/6) D:10
    Orc: D:9-12

Altars:
Ashenzari
Cheibriados
Dithmenos
Elyvilon
Fedhas
Gozag
Hepliaklqana
Kikubaaqudgha
Makhleb
Nemelex Xobeh
Okawaru
Qazlal
Ru
Sif Muna
Trog
Uskayaw
Vehumet
Wu Jian
Xom
Yredelemnul
Zin
The Shining One

Annotations:
D:5 exclusion: door
D:7 2 runed translucent doors, Jstep's ghost, novice MiFi


Innate Abilities, Weirdness & Mutations

You are completely covered in rugged brown scales. (AC +3, +7% HP)
You have supernaturally acute eyesight. (SInv)
Armour fits poorly on your strangely shaped body.
You can roll at nearby foes to attack.
You have a long armoured tail.
You curl defensively after being hit.


Message History

You puncture the yak!
The yak looks as sick as possible!
The yak is almost dead.
The yak gores the plant!
The plant begins to die.
The yak closely misses you.
You hit the yak.
You kill the yak!
There are monsters nearby!
A nearby plant withers and dies.
The centaur warrior hits the plant.
The plant begins to die.
The centaur warrior hits the plant.
A nearby fungus withers and dies.
You see here a water moccasin corpse.
A nearby plant withers and dies.
Uskayaw prepares the audience for your solo!
Found a stone staircase leading up.
You see here a black bear corpse.
The yak is no longer paralysed.
The ogre is no longer paralysed.
Uskayaw prepares the audience for your solo!
You see here a black bear corpse.
The yak is no longer paralysed.
The centaur warrior is no longer paralysed.
The ogre is no longer paralysed.
The centaur warrior hits the fungus.
The fungus begins to die.
The centaur warrior wields a +0 longbow.
The centaur warrior shoots an arrow.
The arrow hits you!!
You can no longer merge with and destroy a victim.
Uskayaw links your audience in an emotional bond!
The centaur warrior shoots an arrow.
The arrow hits you!
The centaur warrior shoots an arrow.
The arrow hits you!
* * * LOW HITPOINT WARNING * * *
A nearby fungus withers and dies.
There is a stone staircase leading up here.
The ogre hits you with a +0 giant club.
* * * LOW HITPOINT WARNING * * *
The yak barely misses you.
You climb upwards.
You can no longer pass through a line of other dancers.
There is a stone staircase leading down here.
Okay, then.
Okay, then.
The ogre hits you with a +0 giant club!!
You die...

####.##### ##'###########
#.# #.....### ######.#
#####...# #......# ###.#
##.######### ######.#####
#..........# #..........#
#......>...# #..........#
#..........### #..........#
#.........O@.####..........#
#....)...Y.#....#...........
#..........####............#
#..........# ###..........#
############ ############


You could see a yak (pain bonded) and an ogre (pain bonded).

Vanquished Creatures
  A two-headed ogre (D:8)
  Erica (D:8)
  An ugly thing (D:10)
  Joseph (D:8)
  Maggie (D:8)
  Psyche (D:8)
  2 kobold demonologists (D:9)
  4 yaks
  2 water moccasins (D:10)
  An orc warrior (D:8)
  An ice beast (D:5)
  3 sky beasts
  3 black bears
  3 necrophages
  6 ogres
  6 centaurs
  8 bullfrogs
  3 kobold brigands (D:9)
  2 scorpions
  4 killer bees (D:9)
  3 howler monkeys
  6 orc priests
  2 bullfrog skeletons (D:9)
  6 jellies
  4 hounds
  Ijyb (D:4)
  2 iguanas
  5 orc wizards
  5 worker ants
  A hound skeleton (D:8)
  A mummy (D:5)
  A howler monkey skeleton (D:7)
  7 adders
  7 gnolls
  A shadow imp (D:8)
  3 white imps
  2 oozes
  5 worms
  An adder skeleton (D:6)
  4 dart slugs
  4 leopard geckos
  27 orcs
  13 giant cockroaches
  3 hobgoblins
  13 jackals
  8 kobolds
  5 quokkas
  A ball python (D:1)
  3 bats
  4 frilled lizards
  7 goblins
  A jackal skeleton (D:4)
  A leopard gecko zombie (D:9)
  2 quokka skeletons
  2 quokka zombies (D:7)
  7 rats
222 creatures vanquished.

Vanquished Creatures (collateral kills)
  An ogre (D:7)
1 creature vanquished.

Vanquished Creatures (others)
  3 bushes (D:6)
  15 fungi (D:10)
  32 plants
50 creatures vanquished.

Grand Total: 273 creatures vanquished

Notes
Turn   | Place    | Note
-------+----------+-------------------------------------------
     0 | D:1      | sahdkjhfkaj the Palentonga Monk began the quest for the
                  | Orb.
     0 | D:1      | Reached XP level 1. HP: 20/20 MP: 1/1
   197 | D:1      | Reached XP level 2. HP: 14/27 MP: 2/2
   719 | D:2      | Reached XP level 3. HP: 35/35 MP: 3/3
   853 | D:2      | Found a burning altar of Makhleb.
   898 | D:2      | Found a shadowy altar of Dithmenos.
  1549 | D:3      | Noticed an ogre
  1552 | D:3      | Reached XP level 4. HP: 41/42 MP: 4/4
  2113 | D:3      | Killed an ogre
  2114 | D:3      | Reached skill level 1 in Throwing
  2114 | D:3      | Reached XP level 5. HP: 19/50 MP: 5/5
  2600 | D:3      | Reached skill level 5 in Fighting
  3132 | D:4      | Noticed an ogre
  3137 | D:4      | Killed an ogre
  3138 | D:4      | Reached skill level 5 in Axes
  3138 | D:4      | Reached skill level 1 in Shields
  3138 | D:4      | Reached XP level 6. HP: 45/59 MP: 6/6
  3225 | D:4      | Found a sparkling altar of Nemelex Xobeh.
  3534 | D:4      | Found a staircase to the Ecumenical Temple.
  3536 | D:4      | Reached skill level 1 in Invocations
  3547 | D:4      | Reached skill level 1 in Short Blades
  3708 | Temple   | Entered the Ecumenical Temple
  3861 | Temple   | Became a worshipper of Uskayaw the Reveller
  3861 | Temple   | Reached * piety under Uskayaw
  3972 | D:4      | Noticed Ijyb
  3985 | D:4      | Killed Ijyb
  4020 | D:4      | Found a white marble altar of Elyvilon.
  4102 | D:5      | Entered Level 5 of the Dungeon
  4143 | D:5      | Reached ** piety under Uskayaw
  4148 | D:5      | Gained mutation: You curl defensively after being hit.
                  | [Palentonga growth]
  4148 | D:5      | Reached XP level 7. HP: 65/65 MP: 8/8
  4253 | D:5      | Reached skill level 2 in Invocations
  4377 | D:5      | Reached *** piety under Uskayaw
  4381 | D:5      | Reached **** piety under Uskayaw
  4388 | D:5      | Reached ***** piety under Uskayaw
  4750 | D:5      | Found a snail-covered altar of Cheibriados.
  4993 | D:5      | Found a radiant altar of Vehumet.
  5131 | D:5      | Found a shimmering blue altar of Sif Muna.
  5427 | D:6      | Reached XP level 8. HP: 46/75 MP: 10/10
  5654 | D:6      | Found a stormy altar of Qazlal.
  5687 | D:6      | Reached skill level 3 in Invocations
  6195 | D:6      | Reached skill level 4 in Invocations
  6319 | D:6      | Found a blossoming altar of Fedhas.
  7337 | D:6      | Reached skill level 5 in Invocations
  7463 | D:7      | Found an iron altar of Okawaru.
  7468 | D:7      | Found a large runed translucent door.
  7677 | D:7      | Found a large runed translucent door.
  7679 | D:7      | Noticed Jstep's ghost (novice MiFi)
  7854 | D:8      | Reached skill level 6 in Invocations
  8478 | D:7      | Reached XP level 9. HP: 76/84 MP: 13/13
  8516 | D:8      | Noticed Maggie
  8531 | D:8      | HP: 4/84 [Maggie/bolt of fire (20)]
  8533 | D:8      | Killed Maggie
  8534 | D:8      | Reached skill level 1 in Armour
  8534 | D:8      | Reached skill level 1 in Evocations
  8836 | D:8      | Noticed Joseph
  8858 | D:8      | Killed Joseph
  9107 | D:8      | Reached skill level 5 in Short Blades
  9336 | D:8      | Noticed Psyche
  9345 | D:8      | Killed Psyche
  9346 | D:8      | Reached skill level 7 in Invocations
  9381 | D:8      | Found a glowing silver altar of Zin.
  9817 | D:8      | Noticed Erica
  9817 | D:8      | Noticed a two-headed ogre
  9827 | D:8      | Killed Erica
  9828 | D:8      | Reached skill level 8 in Invocations
 10203 | D:8      | Killed a two-headed ogre
 10204 | D:8      | Reached XP level 10. HP: 24/92 MP: 16/16
 10634 | D:8      | Found an iron altar of Okawaru.
 11789 | D:9      | Reached skill level 9 in Invocations
 12815 | D:9      | Found a broken altar of Ashenzari.
 12893 | D:9      | Reached skill level 10 in Invocations
 13288 | D:10     | Entered Level 10 of the Dungeon
 13414 | D:10     | Noticed a green ugly thing
 13428 | D:10     | Killed a green ugly thing
 13740 | D:10     | Reached XP level 11. HP: 94/103 MP: 18/18
 13759 | D:10     | Reached ****** piety under Uskayaw
 13760 | D:10     | Found a staircase to the Lair.
 13770 | D:10     | Noticed a centaur warrior
 13794 | D:9      | Mangled by an ogre

Illustrated notes

Levels and vault maps discovered:
D:1:      minmay_arrival_plants_in_alcoves, layout_basic
D:2:      layout_loops_corners, general_overflow_altar, grunt_decor_resistance,
          bloody_makhleb
D:3:      minmay_roachtagon, layout_rooms, minmay_misc_feat_four_crosses,
          serial_park_tiny_2, kennysheep_generic_room_13
D:4:      layout_rooms, nemelex_xobeh_ov_fountains_minmay, marbit_many_paths,
          minmay_temple_entry_trees, uniq_ijyb
D:5:      layout_basic, slow_altar_2, led_sif_book, nicolae_vehumet_altar_sigil,
          st_stairs_8, chequers_mini_garden
D:6:      layout_loops_ring, nicolae_qazlal_general_emergency,
          fedhas_altar_decomposition, kennysheep_another_room
D:7:      layout_rooms, basic_altar, ebering_ghost_disaster_area
D:8:      layout_layer_cave, okawaru_trees_2, kennysheep_little_box,
          uniq_joseph, uniq_maggie, uniq_erica, uniq_psyche
D:9:      layout_roguey, evilmike_ruin_ashenzari
D:10:     layout_irregular_city, due_lair_maze_entry_diamond, st_stairs_2,
          minivault_16, chequers_serial_rivers_large_a, fountainhead
Temple:   hc_temple_tempest_star

Skill      XL: |  1  2  3  4  5  6  7  8  9 10 |
---------------+-------------------------------+-----
Fighting       | 4 5 6 7 9 |  9.3
Axes           | 4 5 6 |  6.2
Throwing       | 1 |  1.0
Shields        | 1 2 |  2.0
Invocations    | 1 2 6 8 10 | 10.3
Short Blades   | 1 2 4 6 |  6.5
Armour         | 2 |  2.8
Evocations     | 3 |  3.7
Stealth        | 2 3 |  3.0
Dodging        | |  2.4

Action                   |  1- 3 |  4- 6 |  7- 9 | 10-12 || total
-------------------------+-------+-------+-------+-------++-------
Melee: Hand axe          |    21 |     3 |    28 |    26 ||    78
       Tailslap          |    12 |    24 |    62 |    57 ||   155
       Dagger            |    86 |   161 |   285 |   198 ||   730
       Unarmed           |       |       |     7 |       ||     7
 Abil: Rolling Charge    |    28 |    22 |    41 |    28 ||   119
Evoke: Wand              |       |       |     8 |       ||     8
  Use: Scroll            |       |     5 |     3 |       ||     8
 Stab: Paralysed         |       |       |    11 |    18 ||    29
       Invisible         |       |       |     3 |       ||     3
Armor: Robe              |     4 |       |       |       ||     4
       Ring mail         |    34 |   108 |    54 |       ||   196
       Scale mail        |       |       |    65 |    20 ||    85
       Leather armour    |       |       |       |    80 ||    80
Dodge: Dodged            |    44 |   122 |   130 |    80 ||   376

Table legend: (Time is in decaauts)
 A = Elapsed time spent in this place.
 B = Non-inter-level travel time spent in this place.
 C = Inter-level travel time spent in this place.
 D = Time resting spent in this place.
 E = Time spent auto-exploring this place.
 F = Levels seen in this place.
 G = Mean time per level.
                   A        B        C        D        E       F      G
               +--------+--------+--------+--------+--------+-----+--------+
         Total |  13730 |  13044 |    686 |     76 |  11530 |  11 | 1248.2 |
       Dungeon |  13537 |  12884 |    653 |     76 |  11371 |  10 | 1353.7 |
        Temple |    193 |    161 |     32 |      0 |    159 |   1 |  193.0 |
               +--------+--------+--------+--------+--------+-----+--------+

Top non-repeatable levels by time:
     D:8: 2861 daAuts
     D:6: 1989 daAuts
     D:9: 1620 daAuts
     D:2: 1472 daAuts
     D:7: 1438 daAuts
     D:5: 1196 daAuts
     D:3: 960 daAuts
     D:4: 884 daAuts
     D:1: 624 daAuts
    D:10: 489 daAuts
  Temple: 193 daAuts
